 Dungeon Crawl Stone Soup version 0.26-a0-6-g448add79b7 (webtiles) character file.

Game seed: 15532301391510335298, levelgen mode: deterministic

21375 RaHiT the Polluter (level 12, 0/94 HPs)
             Began as a Naga Venom Mage on May 24, 2020.
             Was the Champion of Cheibriados.
             Slain by an orc warlord
             ... wielding a +0 great sword of draining
              (11 damage)
             ... on level 2 of the Orcish Mines.
             The game lasted 01:44:02 (11313 turns).

RaHiT the Polluter (Naga Venom Mage)               Turns: 11313, Time: 01:44:02

Health: 0/94       AC: 15    Str: 33    XL:     12   Next: 89%
Magic:  23/23      EV:  6    Int: 50    God:    Cheibriados [******]
Gold:   1599       SH:  5    Dex: 28    Spells: 18/31 levels left

rFire    + . .     SeeInvis +   J - +9 mace of the Doomed Warrior {pain, rF+ Str+6}
rCold    . . .     Gourm    .   n - +0 buckler
rNeg     . . .     Faith    .   O - +0 acid dragon scales
rPois    +         Spirit   .   y - +1 helmet {Int+3}
rElec    .         Reflect  .   q - scarf {repulsion}
rCorr    +         Harm     .   h - +0 pair of gloves
MR       +....                  I - +0 naga barding
Stlth    ++........             u - amulet of magic regeneration
HPRegen  0.25/turn              B - +6 ring of intelligence
MPRegen  0.43/turn              D - +6 ring of intelligence

@: about to teleport, stab, flying, studying Poison Magic, very heavily drained,
repel missiles, very slow
A: large, see invisible, deformed body, frail 1, low mp 1, poison resistance,
slowness 2, slow metabolism 1, spit poison 1, strong 1, AC +4
a: Spit Poison, Bend Time, Temporal Distortion, Slouch, Step From Time, Renounce
Religion


You were on level 2 of the Orcish Mines.
You worshipped Cheibriados.
Cheibriados was exalted by your worship.
You were not hungry.

You visited 2 branches of the dungeon, and saw 13 of its levels.

You collected 2595 gold pieces.
You spent 996 gold pieces at shops.

Inventory:

Hand Weapons
 a - a +1 broad axe of flaming
 x - the +7 great mace "Firestarter" {inner flame, rF++}
   (You bought it in a shop on level 4 of the Dungeon)

   It has been specially enchanted to burn those struck by it, causing extra
   injury to most foes and up to half again as much damage against particularly
   susceptible opponents.
   It greatly protects you from fire.
 J - the +9 mace of the Doomed Warrior (weapon) {pain, rF+ Str+6}
   (You found it on level 7 of the Dungeon)

   In the hands of one skilled in necromantic magic, it inflicts extra damage on
   living creatures.
   It affects your strength (+6).
   It protects you from fire.
 P - a +6 broad axe of electrocution
Missiles
 d - 3 throwing nets
 o - 25 poisoned darts (quivered)
 t - 3 atropa-tipped darts
Armour
 h - a +0 pair of gloves (worn)
 n - a +0 buckler (worn)
 q - a scarf of repulsion (worn)
 y - a +1 helmet of intelligence (worn)
 I - a +0 naga barding (worn)
 O - +0 acid dragon scales (worn)
Jewellery
 u - an amulet of magic regeneration (around neck)
 B - a +6 ring of intelligence (left hand)
 D - a +6 ring of intelligence (right hand)
 F - a +6 ring of dexterity
Wands
 e - a wand of disintegration (11)
 i - a wand of paralysis (22)
 m - a wand of flame (28)
 A - a wand of digging (9)
 G - a wand of polymorph (4)
 Q - a wand of acid (8)
 R - a wand of iceblast (3)
Scrolls
 g - 6 scrolls of remove curse
 k - a scroll of magic mapping
 p - 3 scrolls of amnesia
 v - a scroll of teleportation
 K - 2 scrolls of immolation
Potions
 b - 2 potions of brilliance
 f - a potion of cancellation
 l - a potion of flight
 r - a potion of haste {unknown}
 s - a potion of curing {unknown}
 w - a potion of ambrosia {unknown}
 z - a potion of lignification {unknown}
 C - 2 potions of stabbing
 E - a potion of invisibility {unknown}
 H - a potion of mutation
Books
 M - a manual of Poison Magic
Comestibles
 c - 19 rations


   Skills:
 - Level 6.0(1.2) Fighting
 + Level 9.8(4.6) Maces & Flails
 * Level 6.8(2.0) Armour
 - Level 1.5(0.0) Dodging
 - Level 3.0(0.0) Stealth
 - Level 5.0(0.4) Shields
 - Level 10.0(4.7) Spellcasting
 - Level 1.0(0.0) Transmutations
 - Level 15.0(9.1) Poison Magic


You had 18 spell levels left.
You knew the following spells:

 Your Spells              Type           Power        Failure   Level  Hunger
a - Sting                 Tmut/Pois      ####         1%          1    None
b - Poisonous Vapours     Pois/Air       ######       1%          2    None
c - Olgreb's Toxic Radia  Pois           #######.     1%          4    #......
d - Mephitic Cloud        Conj/Pois/Air  #####...     2%          3    None
e - Ignite Poison         Fire/Tmut/Pois #####...     2%          3    None

Your spell library contained the following spells:

 Spells                   Type           Power        Failure   Level  Hunger
 Cause Fear               Hex            ##........   26%         4    #......
 Silence                  Hex/Air        ##........   58%         5    ####...
 Yara's Violent Unravell  Hex/Tmut       ##........   58%         5    ####...
 Discord                  Hex            ##........   100%        8    #######


Dungeon Overview and Level Annotations

Branches:
Dungeon (11/15)            Temple (0/1) D:7            Lair (0/6) D:10
    Orc (2/2) D:11            Elf (0/3) Orc:2

Altars:
Ashenzari
Cheibriados
Dithmenos
Elyvilon
Fedhas
Gozag
Kikubaaqudgha
Makhleb
Nemelex Xobeh
Okawaru
Trog
Xom
Zin

Shops:
D:4 *   D:5 !   D:6 =

Annotations:
D:3 1 runed translucent door, dleb1993's ghost, amateur DsIE
D:4 exclusion: downstairs
Orc:1 Jorgrun; Sonja


Innate Abilities, Weirdness & Mutations

You cannot wear boots.
Your serpentine skin is tough. (AC +4)
You have supernaturally acute eyesight. (SInv)
Armour fits poorly on your strangely shaped body.
Your system is resistant to poisons. (rPois)
You cover ground very slowly.
You have a slow metabolism.
You can spit poison.
You are frail. (-10% HP)
Your magical capacity is low. (-10% MP)
Your muscles are strong. (Str +2)


Message History

* * * LOW HITPOINT WARNING * * *
You feel drained.
* * * LOW HITPOINT WARNING * * *
Unknown command.
Okay, then.
Casting: Olgreb's Toxic Radiance (mildly dangerous; 1% risk of failure)
Confirm with . or Enter, or press ? or * to list all spells.
Okay, then.
Okay, then.
It was a potion of flight.
You feel very buoyant.
You fly up into the air.
It was a potion of mutation.
You feel extremely strange.
You feel frail.
You feel less energetic.
You feel stronger.
The orc warlord hits you but does no damage.
You feel drained.
It was a potion of stabbing.
You feel ready to backstab.
The orc warlord hits you with a +0 great sword of draining!
You die...

#.#...## ##.....##
####.......#
##..........##
##............# #
##.......#...^.#.#
#......#.#.......#
#......#####.....##
#.@o...#.#........#
###..............##
#.............##
##...........##
##..)...$.###
###.....##
........#
..........#
............


You could see an orc warlord.

Vanquished Creatures
  An ogre mage (Orc:1)
  Erica (Orc:1)
  Harold (Orc:1)
  5 two-headed ogres
  A centaur warrior (D:9)
  Pikel (D:5)
  An orc knight (Orc:2)
  2 orc sorcerers
  A manticore (D:7)
  2 cyclopes (D:7)
  Maurice (D:8)
  Joseph (D:8)
  An elephant (D:10)
  2 gargoyles
  A kobold demonologist (D:9)
  3 trolls
  A hornet (D:9)
  A hippogriff (D:10)
  A slime creature (D:7)
  A shadow (D:7)
  A basilisk (D:10)
  8 yaks
  A human (D:8)
  2 hungry ghosts (D:11)
  A hog (D:8)
  A two-headed ogre zombie (D:11)
  Menkaure (D:5)
  An acid dragon (D:7)
  3 wargs (Orc:2)
  A water moccasin (D:7)
  6 orc warriors
  4 sky beasts
  An ice beast (D:7)
  An eye of draining (D:9)
  2 phantoms
  10 ogres
  6 centaurs
  2 big kobolds
  2 crocodiles
  10 bullfrogs
  A water moccasin skeleton (D:7)
  5 scorpions
  5 wights (D:7)
  15 killer bees
  3 troll zombies (D:11)
  4 howler monkeys
  2 jellies
  6 crimson imps
  A bullfrog zombie (D:9)
  Crazy Yiuf (D:7)
  8 hounds
  4 orc priests
  3 centaur skeletons
  2 bullfrog skeletons
  An iguana (D:11)
  15 orc wizards
  9 worker ants
  4 ogre zombies (D:11)
  2 hound zombies
  A worker ant zombie (D:2)
  18 adders
  A gnoll (D:1)
  A howler monkey skeleton (D:7)
  2 shadow imps
  An ooze (D:6)
  A worm (D:5)
  A dart slug (D:1)
  5 leopard geckos
  34 orcs
  6 bats
  3 giant cockroaches
  4 goblins
  7 hobgoblins
  4 jackals
  4 quokkas
  2 ball pythons
  6 frilled lizards
  A goblin skeleton (D:11)
  3 goblin zombies (D:11)
  A hobgoblin skeleton (D:11)
  A hobgoblin zombie (D:11)
  A jackal zombie (D:6)
  12 kobolds
  A leopard gecko skeleton (D:7)
  A leopard gecko zombie (D:5)
  4 orc skeletons (D:11)
  14 orc zombies (D:11)
  7 rats
331 creatures vanquished.

Vanquished Creatures (others)
  A slave (D:5)
  An ogre (D:5)
  A centaur skeleton (D:5)
  A quokka (D:5)
4 creatures vanquished.

Grand Total: 335 creatures vanquished

Notes
Turn   | Place    | Note
-------+----------+-------------------------------------------
     0 | D:1      | RaHiT the Naga Venom Mage began the quest for the Orb.
     0 | D:1      | Reached XP level 1. HP: 15/15 MP: 3/3
   216 | D:1      | Reached XP level 2. HP: 15/22 MP: 0/5
   220 | D:1      | Learned a level 2 spell: Poisonous Vapours
   511 | D:1      | Reached XP level 3. HP: 28/28 MP: 4/7
   966 | D:2      | Found a shimmering altar of Xom.
  1292 | D:2      | Found a white marble altar of Elyvilon.
  1439 | D:2      | Reached XP level 4. HP: 34/36 MP: 5/9
  1448 | D:2      | Learned a level 4 spell: Olgreb's Toxic Radiance
  1452 | D:2      | Learned a level 3 spell: Mephitic Cloud
  1467 | D:2      | Found a burning altar of Makhleb.
  2119 | D:3      | Reached XP level 5. HP: 37/42 MP: 8/11
  2126 | D:3      | Found a runed translucent door.
  2126 | D:3      | Noticed dleb1993's ghost (amateur DsIE)
  2806 | D:4      | Reached skill level 5 in Spellcasting
  2832 | D:4      | Learned a level 3 spell: Ignite Poison
  3045 | D:4      | Found Popeo's Mayhem Merchandise.
  3191 | D:5      | Entered Level 5 of the Dungeon
  3191 | D:5      | Noticed a phantom
  3303 | D:5      | Noticed a big kobold
  3304 | D:5      | Reached XP level 6. HP: 41/49 MP: 9/14
  3336 | D:5      | Noticed a slave
  3404 | D:5      | Noticed Pikel
  3406 | D:5      | Noticed a slave
  3407 | D:5      | Noticed a slave
  3411 | D:5      | Killed Pikel
  3411 | D:5      | Reached XP level 7. HP: 42/55 MP: 8/16
  3581 | D:5      | Reached skill level 5 in Shields
  3581 | D:5      | Reached XP level 8. HP: 45/62 MP: 8/17
  3712 | D:5      | Reached skill level 1 in Fighting
  3712 | D:5      | Reached skill level 1 in Maces & Flails
  3789 | D:5      | Reached skill level 5 in Poison Magic
  3951 | D:5      | Noticed Menkaure
  3953 | D:5      | Killed Menkaure
  3965 | D:5      | Found Cupt's Distillery.
  4245 | D:6      | Found Esalif Wuma's Jewellery Emporium.
  4349 | D:6      | Reached skill level 6 in Poison Magic
  4652 | D:6      | Found an opulent altar of Gozag.
  4653 | D:6      | Found a glowing silver altar of Zin.
  4851 | D:7      | Found a bloodstained altar of Trog.
  4885 | D:7      | Reached skill level 7 in Poison Magic
  4887 | D:7      | Found a sparkling altar of Nemelex Xobeh.
  4889 | D:7      | Found a snail-covered altar of Cheibriados.
  4890 | D:7      | Found a shattered altar of Ashenzari.
  4902 | D:7      | Became a worshipper of Cheibriados the Contemplative
  4953 | D:7      | Found a runed translucent door.
  4954 | D:7      | Noticed Crazy Yiuf
  4960 | D:7      | Killed Crazy Yiuf
  4973 | D:7      | Got a faintly glowing mace
  4974 | D:7      | Identified the +9 mace of the Doomed Warrior {pain, rF+
                  | Str+6} (You found it on level 7 of the Dungeon)
  4994 | D:7      | Reached XP level 9. HP: 75/75 MP: 9/18
  5024 | D:7      | Reached skill level 8 in Poison Magic
  5111 | D:7      | Reached * piety under Cheibriados
  5391 | D:7      | Reached skill level 9 in Poison Magic
  5393 | D:7      | Noticed a cyclops
  5405 | D:7      | Killed a cyclops
  5482 | D:7      | Reached skill level 10 in Poison Magic
  5794 | D:7      | Noticed a cyclops
  5799 | D:7      | Killed a cyclops
  5799 | D:7      | Reached skill level 5 in Fighting
  5799 | D:7      | Reached skill level 5 in Maces & Flails
  5799 | D:7      | Reached XP level 10. HP: 59/88 MP: 14/19
  6001 | D:7      | Reached ** piety under Cheibriados
  6155 | D:7      | Reached skill level 11 in Poison Magic
  6262 | D:7      | Got a scorched scimitar
  6265 | D:7      | Identified the +6 scimitar "Moydot" {protect, Dex+4} (You
                  | found it on level 7 of the Dungeon)
  6268 | D:7      | Noticed a two-headed ogre
  6273 | D:7      | Killed a two-headed ogre
  6273 | D:7      | Reached skill level 12 in Poison Magic
  6395 | D:7      | Noticed a manticore
  6405 | D:7      | Killed a manticore
  6405 | D:7      | Reached skill level 1 in Armour
  6734 | D:7      | Found a staircase to the Ecumenical Temple.
  6941 | D:7      | Identified a scroll of acquirement
  7282 | D:8      | Found an iron altar of Okawaru.
  7282 | D:8      | Noticed Maurice
  7289 | D:8      | Killed Maurice
  7289 | D:8      | Reached skill level 13 in Poison Magic
  7289 | D:8      | Reached XP level 11. HP: 97/97 MP: 13/21
  7467 | D:8      | Got a warped war axe
  7496 | D:8      | Found an ancient bone altar of Kikubaaqudgha.
  7496 | D:8      | Found a blossoming altar of Fedhas.
  7508 | D:8      | Reached *** piety under Cheibriados
  7783 | D:8      | Noticed Joseph
  7790 | D:8      | Killed Joseph
  7991 | D:9      | Identified the cursed +2 war axe of Contradiction {vorpal,
                  | Str+5 Int+3} (You found it on level 8 of the Dungeon)
  8132 | D:9      | Noticed a centaur warrior
  8139 | D:9      | Killed a centaur warrior
  8221 | D:9      | Reached **** piety under Cheibriados
  8241 | D:9      | Found a shadowy altar of Dithmenos.
  8255 | D:9      | Reached skill level 14 in Poison Magic
  8544 | D:10     | Entered Level 10 of the Dungeon
  9098 | D:10     | Got a bone short sword
  9144 | D:10     | Reached ***** piety under Cheibriados
  9261 | D:10     | Found a staircase to the Lair.
  9291 | D:10     | Noticed a two-headed ogre
  9301 | D:10     | Killed a two-headed ogre
  9301 | D:10     | Reached skill level 15 in Poison Magic
  9542 | D:11     | Reached XP level 12. HP: 84/105 MP: 9/25
  9890 | D:11     | Reached skill level 10 in Spellcasting
  9984 | D:11     | Found a staircase to the Orcish Mines.
 10042 | D:11     | Reached ****** piety under Cheibriados
 10280 | D:4      | Bought the +7 great mace "Firestarter" {inner flame, rF++}
                  | for 996 gold pieces
 10280 | D:4      | Found the +7 great mace "Firestarter" {inner flame, rF++}
 10281 | D:4      | Identified the +5 short sword of Incongruity {flame, rElec}
                  | (You found it on level 10 of the Dungeon)
 10452 | Orc:1    | Entered Level 1 of the Orcish Mines
 10456 | Orc:1    | Noticed Erica
 10463 | Orc:1    | Killed Erica
 10522 | Orc:1    | Noticed a two-headed ogre
 10523 | Orc:1    | Noticed a two-headed ogre
 10524 | Orc:1    | Noticed an ogre mage
 10525 | Orc:1    | Noticed a two-headed ogre
 10527 | Orc:1    | Noticed Harold
 10529 | Orc:1    | Killed a two-headed ogre
 10530 | Orc:1    | Killed an ogre mage
 10530 | Orc:1    | Reached skill level 5 in Armour
 10530 | Orc:1    | Killed a two-headed ogre
 10532 | Orc:1    | Killed a two-headed ogre
 10536 | Orc:1    | Killed Harold
 10795 | Orc:2    | Entered Level 2 of the Orcish Mines
 10884 | Orc:1    | Noticed Jorgrun
 10884 | Orc:1    | Noticed an ettin
 10950 | Orc:1    | Noticed Sonja
 11047 | Orc:2    | Noticed an orc warlord
 11061 | Orc:2    | HP: 5/105 [orc warlord/+0 great sword of draining (6)]
 11065 | Orc:2    | Found a staircase to the Elven Halls.
 11312 | Orc:2    | Gained mutation: You are frail. (-10% HP) [potion of
                  | mutation]
 11312 | Orc:2    | Gained mutation: Your magical capacity is low. (-10% MP)
                  | [potion of mutation]
 11312 | Orc:2    | Gained mutation: Your muscles are strong. (Str +2) [potion
                  | of mutation]
 11313 | Orc:2    | Slain by an orc warlord

Illustrated notes

Levels and vault maps discovered:
D:1:      nicolae_arrival_somewhat_less_tricky_arrival, layout_rooms
D:2:      layout_loops_ring, lemuel_round_altar, nicolae_overflow_crystal_walls,
          elyvilon_altar_4
D:3:      layout_loops_ring, hellmonk_ghost_happy_afterlife, dk_noncrumbling_4
D:4:      layout_rooms, minmay_shop_mayhem, patterned_corridor
D:5:      layout_basic, first_ration, serial_shops, kennysheep_mini, uniq_pikel,
          uniq_menkaure
D:6:      layout_loops_ring, grunt_temple_overflow_gold_and_silver,
          serial_shops, shop
D:7:      minmay_the_grid_octo_tiled_octocenter [minmay_the_grid_octo_teeth,
          minmay_the_grid_octo_tetromino_candy,
          minmay_the_grid_octo_vomiting_pacman, minmay_the_grid_octo_toaster,
          minmay_the_grid_octo_prize_single_spiral,
          minmay_the_grid_square_5x5_n_small, minmay_the_grid_square_5x5_corner,
          minmay_the_grid_square_5x5_inner_v,
          minmay_the_grid_square_5x5_spiral_small], layout_basic,
          lemuel_doored_altar, gammafunk_temple_overflow_forgotten,
          minmay_temple_entry_glassed_door, uniq_crazy_yiuf_cottage
D:8:      layout_basic, grunt_temple_overflow_growth_and_decay,
          old_standard_altar, grunt_livestock, uniq_joseph, uniq_maurice
D:9:      minmay_blocky_corners, layout_cave_pools, basic_altar
D:10:     layout_stronghold, david_lair_generic
D:11:     layout_cave_pods, zombieorc2_lemuel
Orc:1:    layout_caves, uniq_jorgrun, uniq_sonja, uniq_erica, uniq_harold
Orc:2:    st_orc_town, layout_diamond_mine

Skill      XL: |  1  2  3  4  5  6  7  8  9 10 11 12 |
---------------+-------------------------------------+-----
Spellcasting   | 3 4 5 6 7 9 10 | 10.0
Shields        | 4 5 |  5.0
Fighting       | 3 5 6 |  6.0
Maces & Flails | 3 5 6 8 9 |  9.8
Poison Magic   | 7 10 13 15 | 15.0
Armour         | 2 3 6 |  6.8
Dodging        | |  1.5
Stealth        | |  3.0
Transmutations | |  1.0

Action                   |  1- 3 |  4- 6 |  7- 9 | 10-12 || total
-------------------------+-------+-------+-------+-------++-------
Melee: Unarmed           |    16 |       |       |       ||    16
       Mace              |    15 |    42 |    81 |   221 ||   359
       Whip              |       |       |    10 |       ||    10
       Scimitar          |       |       |       |     6 ||     6
       Broad axe         |       |       |       |     8 ||     8
Throw: Dart              |       |     4 |     8 |     7 ||    19
 Cast: Sting             |    13 |     7 |     5 |     1 ||    26
       Poisonous Vapours |    11 |    37 |    52 |    96 ||   196
       Olgreb's Toxic Ra |       |     2 |     3 |    52 ||    57
       Mephitic Cloud    |       |     1 |    22 |    23 ||    46
       Ignite Poison     |       |       |    16 |    22 ||    38
 Abil: Spit Poison       |    10 |     6 |     1 |       ||    17
Evoke: Wand              |       |       |    10 |     8 ||    18
  Use: Scroll            |       |     1 |     4 |    19 ||    24
       Potion            |       |       |       |     7 ||     7
 Stab: Sleeping          |     1 |       |       |     1 ||     2
       Confused          |       |       |     2 |     3 ||     5
  Eat: Chunk             |     2 |     5 |     4 |    13 ||    24
       Ration            |       |     1 |       |     1 ||     2
Armor: Robe              |    13 |    16 |    30 |     3 ||    62
       Acid dragon scale |       |       |       |   117 ||   117
       Skin              |       |       |       |     3 ||     3
Dodge: Dodged            |    19 |    31 |    55 |    94 ||   199
       Repelled          |       |     1 |     4 |     8 ||    13
Block: Buckler           |       |       |    22 |    83 ||   105
       Rpst.: Scimitar   |       |       |       |     1 ||     1

Table legend:
 A = Non-vault XP
 B = Vault XP
 C = Vault XP percentage of total XP
 D = Non-vault monster count
 E = Vault monster count
 F = Vault count percentage of total count
                 A         B        C        D         E       F
            +---------+---------+-------+---------+---------+-------
      Total |   18592 |   11945 |  39.1 |     252 |      79 |  23.9
            +---------+---------+-------+---------+---------+-------
        D:1 |      42 |       0 |   0.0 |      17 |       0 |   0.0
        D:2 |     112 |       0 |   0.0 |      25 |       0 |   0.0
        D:3 |      21 |       0 |   0.0 |       5 |       0 |   0.0
        D:4 |     127 |       0 |   0.0 |       8 |       0 |   0.0
        D:5 |     492 |     703 |  58.8 |      16 |       2 |  11.1
        D:6 |     513 |       0 |   0.0 |      11 |       0 |   0.0
        D:7 |    1487 |    4177 |  73.7 |      23 |      26 |  53.1
        D:8 |     875 |    1858 |  68.0 |      12 |       7 |  36.8
        D:9 |    2240 |    1360 |  37.8 |      33 |       3 |   8.3
       D:10 |    3048 |    1007 |  24.8 |      41 |       4 |   8.9
       D:11 |    2100 |     905 |  30.1 |      19 |      35 |  64.8
      Orc:1 |    5215 |    1935 |  27.1 |      21 |       2 |   8.7
      Orc:2 |    2320 |       0 |   0.0 |      21 |       0 |   0.0
            +---------+---------+-------+---------+---------+-------
